 Dungeon Crawl Stone Soup version 0.25-a0-185-g6cfeca7 (console) character file.

Game seed: 4511899534529988976, levelgen mode: deterministic

226 vegansnacktivist the Cleaver (level 6, -4/51 HPs)
             Began as a Hill Orc Monk on Nov 28, 2019.
             Slain by Grinder (8 damage)
             ... on level 4 of the Dungeon.
             The game lasted 00:04:20 (2951 turns).

vegansnacktivist the Cleaver (Hill Orc Monk)        Turns: 2951, Time: 00:04:20

Health: -4/51      AC:  4    Str: 16    XL:     6   Next: 1%
Magic:  6/6        EV: 18    Int: 10    God:
Gold:   119        SH:  0    Dex: 18    Spells: 5/5 levels left

rFire    . . .     SeeInvis .   a - +0 hand axe
rCold    . . .     Gourm    .   (no shield)
rNeg     . . .     Faith    .   b - +0 robe
rPois    .         Spirit   .   e - +1 hat
rElec    .         Reflect  .   (no cloak)
rCorr    .         Harm     .   o - +0 pair of gloves
MR       .....                  (no boots)
Stlth    +++.......             (no amulet)
HPRegen  0.17/turn              (no ring)
MPRegen  0.10/turn              (no ring)

@: agile, flying
A: no striking features
a: no special abilities


You were on level 4 of the Dungeon.
You were hungry.

You visited 1 branch of the dungeon, and saw 4 of its levels.

You collected 119 gold pieces.

Inventory:

Hand Weapons
 a - a +0 hand axe (weapon)
Missiles
 i - 14 poisoned darts
 l - 3 boomerangs (quivered)
Armour
 b - a +0 robe (worn)
 e - a +1 hat (worn)
 o - a +0 pair of gloves (worn)
Scrolls
 d - 2 scrolls of enchant armour {unknown}
 f - 2 scrolls of identify {unknown}
 g - 5 scrolls of teleportation {unknown}
 h - 2 scrolls of enchant weapon {unknown}
 j - a scroll of fog {unknown}
 n - a scroll of magic mapping {unknown}
 q - a scroll of blinking {unknown}
Comestibles
 c - 4 rations


   Skills:
 - Level 3.6 Fighting
 + Level 8.6 Axes
 - Level 2.4 Dodging
 - Level 1.5 Stealth


You had 5 spell levels left.
You didn't know any spells.
Your spell library was empty.

Dungeon Overview and Level Annotations

Branches:
Dungeon (4/15)
 Temple: D:4-7

Altars:
Uskayaw
Yredelemnul

Annotations:
D:4 Grinder


Message History

Grinder blinks!
It was a potion of flight.
You feel very buoyant.
You fly up into the air.
Throwing (i - inventory. (/) - cycle)
l - 3 boomerangs (quivered)
Press: ? - help, Shift-Dir - straight line, f/p - Grinder
Aim: Grinder (heavily wounded)
You throw a boomerang.
The boomerang hits Grinder but does no damage.
Grinder is heavily wounded.
You completely miss Grinder.
Grinder is heavily wounded.
Grinder hits you.
* * * LOW HITPOINT WARNING * * *
You writhe in agony.
* * * LOW HITPOINT WARNING * * *
You hit Grinder but do no damage.
Grinder is heavily wounded.
You barely miss the giant cockroach. Grinder hits you!
You die...

+# ............# .#
#............ # ............
..# #............
...##.............
....#.....>........
...................
#......5@s.........
#..................
#................. ##
#.................. .####
##..................
....#######...................
.........##...................
....................#.........
..............................


You could see Grinder and a giant cockroach.

Vanquished Creatures
  An ogre (D:3)
  4 adders
  3 worms (D:3)
  5 dart slugs
  3 orcs (D:3)
  5 ball pythons
  A giant cockroach (D:2)
  11 goblins
  7 hobgoblins
  9 jackals
  3 quokkas (D:3)
  8 bats
  5 frilled lizards
  14 kobolds
  7 rats
86 creatures vanquished.

Notes
Turn   | Place    | Note
-------+----------+-------------------------------------------
     0 | D:1      | vegansnacktivist the Hill Orc Monk began the quest for the
                  | Orb.
     0 | D:1      | Reached XP level 1. HP: 19/19 MP: 1/1
    34 | D:1      | Reached XP level 2. HP: 12/26 MP: 2/2
   256 | D:1      | Reached skill level 5 in Axes
   270 | D:1      | HP: 1/26 [kobold/+0 short sword (1)]
   901 | D:1      | Reached XP level 3. HP: 21/31 MP: 3/3
  1222 | D:2      | Noticed a +0 hand axe
  1222 | D:2      | Noticed a +0 hand axe
  1223 | D:2      | Found a hide-covered altar of Uskayaw.
  1389 | D:2      | Reached skill level 6 in Axes
  1538 | D:2      | Reached XP level 4. HP: 39/39 MP: 4/4
  1714 | D:3      | Noticed an ogre
  1732 | D:3      | Killed an ogre
  1732 | D:3      | Reached skill level 7 in Axes
  1732 | D:3      | Reached XP level 5. HP: 19/45 MP: 5/5
  1991 | D:3      | Found a basalt altar of Yredelemnul.
  2231 | D:3      | Reached skill level 8 in Axes
  2899 | D:4      | Reached XP level 6. HP: 49/51 MP: 6/6
  2918 | D:4      | Noticed Grinder
  2940 | D:4      | Paralysed by Grinder for 4 turns
  2945 | D:4      | HP: 1/51 [Grinder (4)]
  2951 | D:4      | Slain by Grinder

Levels and vault maps discovered:
D:1:      eino_arrival_water_star, layout_basic
D:2:      layout_rooms, dancing_weapons_uskayaw, first_ration
D:3:      minmay_diamond_boxcup, layout_loops_corners,
          lemuel_coloured_pillars_altar
D:4:      layout_layer_cave, serial_shops, kennysheep_little_box,
          portal_sewer_entry_a, serial_park_tiny_2, uniq_grinder

Skill      XL: |  1  2  3  4  5 |
---------------+----------------+-----
Axes           | 5 6 7 8 |  8.6
Fighting       | |  3.6
Dodging        | |  2.4
Stealth        | |  1.5

Action                   |  1- 3 |  4- 6 || total
-------------------------+-------+-------++-------
Melee: Hand axe          |   170 |   159 ||   329
Throw: Dart              |       |     7 ||     7
       Boomerang         |       |    10 ||    10
  Use: Potion            |       |     4 ||     4
 Stab: Sleeping          |     2 |     3 ||     5
  Eat: Chunk             |     2 |     4 ||     6
Armor: Robe              |    32 |    29 ||    61
Dodge: Dodged            |   104 |    98 ||   202

Table legend:
 A = Non-vault XP
 B = Vault XP
 C = Vault XP percentage of total XP
 D = Non-vault monster count
 E = Vault monster count
 F = Vault count percentage of total count
                 A         B        C        D         E       F
            +---------+---------+-------+---------+---------+-------
      Total |     301 |      22 |   6.8 |      79 |       7 |   8.1
            +---------+---------+-------+---------+---------+-------
        D:1 |      42 |       0 |   0.0 |      24 |       0 |   0.0
        D:2 |      40 |       0 |   0.0 |      22 |       0 |   0.0
        D:3 |     200 |      22 |   9.9 |      29 |       7 |  19.4
        D:4 |      19 |       0 |   0.0 |       4 |       0 |   0.0
            +---------+---------+-------+---------+---------+-------
